MLB
OAKLAND ATHLETICS @ TEXAS RANGERS
06/05/2018
 
TOP OF THE 1ST
Oakland Athletics batting - Pitching for Texas Rangers : RHP Yonny Chirinos
Pitching: RHP Yonny Chirinos
Batting: RHB DJ LeMahieu 0-0: Ball
1-0: Called Strike
1-1: Foul Ball, location: 2F
1-2: Fly out, F4 (Popup, 4MS)
Batting: LHB Herschel Powell 0-0: Swinging Strike
0-1: Foul Ball, location: 2F
0-2: SINGLE (Groundball, 56D)
Batting: RHB Rhys Hoskins Balk!
Herschel Powell to second
0-0: Called Strike
0-1: Swinging Strike
0-2: Strikes out swinging
Batting: RHB Paul Goldschmidt 0-0: Ball
1-0: Fly out, F7 (Flyball, 7D)
Top of the 1st over - 0 runs, 1 hit, 0 errors, 1 left on base; Oakland 0 - Texas 0
BOTTOM OF THE 1ST
Texas Rangers batting - Pitching for Oakland Athletics : RHP Chad Kuhl
Pitching: RHP Chad Kuhl
Batting: LHB Ender Inciarte 0-0: Called Strike
0-1: Ball
1-1: Ball
2-1: Fly out, F8 (Flyball, 8LS)
Batting: SHB Cesar Hernandez 0-0: Called Strike
0-1: Ball
1-1: Called Strike
1-2: Ball
2-2: Foul Ball, location: 2F
2-2: Foul Ball, location: 2F
2-2: Ball
3-2: Ground out 6-3 (Groundball, 6)
Batting: LHB Bryce Harper 0-0: Called Strike
0-1: Called Strike
0-2: Ball
1-2: Ball
2-2: SOLO HOME RUN (Flyball, 9D), Distance : 367 ft
Batting: LHB Eric Thames 0-0: Called Strike
0-1: SOLO HOME RUN (Flyball, 9D), Distance : 375 ft
Batting: SHB Jeimer Candelario 0-0: Ground out 4-3 (Groundball, 4)
Bottom of the 1st over - 2 runs, 2 hits, 0 errors, 0 left on base; Oakland 0 - Texas 2
TOP OF THE 2ND
Oakland Athletics batting - Pitching for Texas Rangers : RHP Yonny Chirinos
Batting: LHB Didi Gregorius 0-0: Called Strike
0-1: Called Strike
0-2: Strikes out looking
Batting: RHB Guillermo Heredia 0-0: Ball
1-0: Called Strike
1-1: Ball
2-1: Ground out 6-3 (Groundball, 6)
Batting: RHB Cam Gallagher 0-0: Ball
1-0: Ground out 6-3 (Groundball, 6M)
Top of the 2nd over - 0 runs, 0 hits, 0 errors, 0 left on base; Oakland 0 - Texas 2
BOTTOM OF THE 2ND
Texas Rangers batting - Pitching for Oakland Athletics : RHP Chad Kuhl
Batting: LHB Joc Pederson 0-0: Ball
1-0: Swinging Strike
1-1: Swinging Strike
1-2: Strikes out swinging
Batting: RHB Andrelton Simmons 0-0: Fly out, F8 (Flyball, 8LD)
Batting: RHB Max Stassi 0-0: Called Strike
0-1: Ball
1-1: Ball
2-1: Ground out U3 (Groundball, 3L)
Bottom of the 2nd over - 0 runs, 0 hits, 0 errors, 0 left on base; Oakland 0 - Texas 2
TOP OF THE 3RD
Oakland Athletics batting - Pitching for Texas Rangers : RHP Yonny Chirinos
Batting: SHB Marwin Gonzalez 0-0: Called Strike
0-1: Ball
1-1: Foul Ball, location: 2F
1-2: Foul Ball, location: 2F
1-2: Ball
2-2: SINGLE (Groundball, 13) (infield hit)
Batting: SHB Kaleb Cowart 0-0: Foul Ball, location: 2F
0-1: Swinging Strike
0-2: Strikes out looking
Batting: RHB DJ LeMahieu 0-0: Fielders Choice at 2nd, 3-6 (Groundball, 3S)
Batting: LHB Herschel Powell 0-0: Called Strike
0-1: Swinging Strike
0-2: Ball
1-2: Ball
2-2: Ground out 5-3 (Groundball, 56S)
Top of the 3rd over - 0 runs, 1 hit, 0 errors, 1 left on base; Oakland 0 - Texas 2
BOTTOM OF THE 3RD
Texas Rangers batting - Pitching for Oakland Athletics : RHP Chad Kuhl
Batting: SHB Asdrubal Cabrera 0-0: Called Strike
0-1: Bunt for hit to P - play at first, batter OUT! 1-3
Batting: LHB Ender Inciarte 0-0: Swinging Strike
0-1: Ground out 6-3 (Groundball, 6)
Batting: SHB Cesar Hernandez 0-0: Called Strike
0-1: Foul Ball, location: 2F
0-2: Strikes out swinging, 2-3 out at first.
Bottom of the 3rd over - 0 runs, 0 hits, 0 errors, 0 left on base; Oakland 0 - Texas 2
TOP OF THE 4TH
Oakland Athletics batting - Pitching for Texas Rangers : RHP Yonny Chirinos
Batting: RHB Rhys Hoskins 0-0: Ball
1-0: SINGLE (Groundball, 6MD)
Batting: RHB Paul Goldschmidt 0-0: Called Strike
Rhys Hoskins steals 2nd base
0-1: 2-RUN HOME RUN (Flyball, 9D), Distance : 367 ft
Batting: LHB Didi Gregorius 0-0: Ball
1-0: Fly out, F9 (Flyball, 89M)
Batting: RHB Guillermo Heredia 0-0: Called Strike
0-1: Called Strike
0-2: Strikes out swinging
Batting: RHB Cam Gallagher 0-0: Ball
1-0: Ball
2-0: Fly out, F7 (Line Drive, 7)
Top of the 4th over - 2 runs, 2 hits, 0 errors, 0 left on base; Oakland 2 - Texas 2
BOTTOM OF THE 4TH
Texas Rangers batting - Pitching for Oakland Athletics : RHP Chad Kuhl
Batting: LHB Bryce Harper 0-0: Ball
1-0: Ball
2-0: Fly out, F7 (Flyball, 7S)
Batting: LHB Eric Thames 0-0: Ball
1-0: Foul Ball, location: 2F
1-1: Called Strike
1-2: Ground out 1-3 (Groundball, 13)
Batting: SHB Jeimer Candelario 0-0: Swinging Strike
0-1: Swinging Strike
0-2: Ball
1-2: Ball
2-2: Strikes out swinging
Bottom of the 4th over - 0 runs, 0 hits, 0 errors, 0 left on base; Oakland 2 - Texas 2
TOP OF THE 5TH
Oakland Athletics batting - Pitching for Texas Rangers : RHP Yonny Chirinos
Batting: SHB Marwin Gonzalez 0-0: Called Strike
0-1: Ball
1-1: Ball
2-1: Foul Ball, location: 2F
2-2: Foul Ball, location: 2F
2-2: Fly out, F8 (Flyball, 89D)
Batting: SHB Kaleb Cowart 0-0: Foul Ball, location: 2F
0-1: Ball
1-1: Ball
2-1: Ball
3-1: Called Strike
3-2: SINGLE (Line Drive, 56)
Batting: RHB DJ LeMahieu 0-0: Ball
1-0: Ball
2-0: Swinging Strike
2-1: Foul Ball, location: 2F
2-2: Foul Ball, location: 2F
2-2: Foul Ball, location: 2F
2-2: Foul Ball, location: 2F
2-2: Grounds into double play, 4-6-3 (Groundball, 34)
Top of the 5th over - 0 runs, 1 hit, 0 errors, 0 left on base; Oakland 2 - Texas 2
BOTTOM OF THE 5TH
Texas Rangers batting - Pitching for Oakland Athletics : RHP Chad Kuhl
Batting: LHB Joc Pederson 0-0: Ball
1-0: Called Strike
1-1: Ball
2-1: Foul Ball, location: 2F
2-2: Foul Ball, location: 2F
2-2: Strikes out looking
Batting: RHB Andrelton Simmons 0-0: Swinging Strike
0-1: Foul Ball, location: 2F
0-2: Ball
1-2: Ground out 5-3 (Groundball, 56S)
Batting: RHB Max Stassi 0-0: SOLO HOME RUN (Flyball, 9D), Distance : 373 ft
Batting: SHB Asdrubal Cabrera 0-0: Called Strike
0-1: Called Strike
0-2: SOLO HOME RUN (Flyball, 78XD), Distance : 401 ft
Batting: LHB Ender Inciarte 0-0: Called Strike
0-1: Ball
1-1: Swinging Strike
1-2: Ground out 5-3 (Groundball, 56)
Bottom of the 5th over - 2 runs, 2 hits, 0 errors, 0 left on base; Oakland 2 - Texas 4
TOP OF THE 6TH
Oakland Athletics batting - Pitching for Texas Rangers : RHP Yonny Chirinos
Batting: LHB Herschel Powell 0-0: Called Strike
0-1: Foul Ball, location: 2F
0-2: Foul Ball, location: 2F
0-2: Ball
1-2: Ball
2-2: Foul Ball, location: 2F
2-2: Ground out 6-3 (Groundball, 6)
Batting: RHB Rhys Hoskins 0-0: SINGLE (Flyball, 9LM)
Batting: RHB Paul Goldschmidt 0-0: Called Strike
0-1: 2-RUN HOME RUN (Flyball, 9D), Distance : 376 ft
Pitching: RHP Matt Bowman
Batting: LHB Didi Gregorius 0-0: Foul Ball, location: 2F
0-1: Foul Ball, location: 2F
0-2: Foul Ball, location: 2F
0-2: Ball
1-2: Foul Ball, location: 2F
1-2: SINGLE (Groundball, 34D)
Batting: RHB Guillermo Heredia 0-0: Called Strike
Didi Gregorius is caught stealing 2nd base 2-4
0-1: Fly out, F9 (Flyball, 89S)
Top of the 6th over - 2 runs, 3 hits, 0 errors, 0 left on base; Oakland 4 - Texas 4
BOTTOM OF THE 6TH
Texas Rangers batting - Pitching for Oakland Athletics : RHP Chad Kuhl
Batting: SHB Cesar Hernandez 0-0: Ball
1-0: Ball
2-0: Called Strike
2-1: Ball
3-1: Base on Balls
Batting: LHB Bryce Harper 0-0: Ball
1-0: Foul Ball, location: 2F
1-1: Ball
2-1: Called Strike
2-2: Ball
3-2: Base on Balls
Cesar Hernandez to second
Batting: LHB Eric Thames 0-0: Ball
1-0: Ball
2-0: Called Strike
2-1: Ball
3-1: Foul Ball, location: 2F
3-2: Foul Ball, location: 2F
3-2: SINGLE (Flyball, 8RS)
Cesar Hernandez to third
Bryce Harper to second
Batting: SHB Jeimer Candelario 0-0: Ball
1-0: Ball
2-0: DOUBLE (Line Drive, 78D)
Cesar Hernandez scores
Bryce Harper scores
Eric Thames to third
Batting: LHB Joc Pederson 0-0: Intentional Walk
Pitching: RHP Chasen Bradford
Batting: RHB Andrelton Simmons 0-0: Ball
1-0: Grounds into fielders choice 6-2 (Groundball, 56S)
Jeimer Candelario to third
Joc Pederson to second
Batting: RHB Max Stassi 0-0: Fly out, F8 (Flyball, 8RM)
Runner from 3rd tags up, SCORES, throw by CF
Batting: SHB Asdrubal Cabrera 0-0: Ball
1-0: Called Strike
1-1: Called Strike
1-2: Strikes out swinging
Bottom of the 6th over - 3 runs, 2 hits, 0 errors, 2 left on base; Oakland 4 - Texas 7
TOP OF THE 7TH
Oakland Athletics batting - Pitching for Texas Rangers : RHP Matt Bowman
Batting: RHB Cam Gallagher 0-0: Called Strike
0-1: Foul Ball, location: 2F
0-2: Strikes out looking
Batting: SHB Marwin Gonzalez 0-0: Called Strike
0-1: Swinging Strike
0-2: Ball
1-2: Ball
2-2: Ball
3-2: Foul Ball, location: 2F
3-2: Ground out 6-3 (Groundball, 4M)
Batting: SHB Kaleb Cowart 0-0: Called Strike
0-1: Swinging Strike
0-2: Strikes out swinging
Top of the 7th over - 0 runs, 0 hits, 0 errors, 0 left on base; Oakland 4 - Texas 7
BOTTOM OF THE 7TH
Texas Rangers batting - Pitching for Oakland Athletics : RHP Chasen Bradford
Batting: LHB Ender Inciarte 0-0: Ball
1-0: SOLO HOME RUN (Flyball, 7LD), Distance : 339 ft
Batting: SHB Cesar Hernandez 0-0: Ball
1-0: Ground out 5-3 (Groundball, 56)
Batting: LHB Bryce Harper 0-0: Called Strike
0-1: Called Strike
0-2: Ball
1-2: Ball
2-2: Foul Ball, location: 2F
2-2: Ball
3-2: Strikes out swinging
Batting: LHB Eric Thames 0-0: Ball
1-0: Swinging Strike
1-1: Foul Ball, location: 2F
1-2: Foul Ball, location: 2F
1-2: Foul Ball, location: 2F
1-2: Ball
2-2: Ball
3-2: Foul Ball, location: 2F
3-2: Foul Ball, location: 2F
3-2: Fly out, F8 (Flyball, 8RD)
Bottom of the 7th over - 1 run, 1 hit, 0 errors, 0 left on base; Oakland 4 - Texas 8
TOP OF THE 8TH
Oakland Athletics batting - Pitching for Texas Rangers : RHP Matt Bowman
Pitching: RHP Will Harris
Batting: RHB DJ LeMahieu 0-0: Called Strike
0-1: Ground out 6-3 (Groundball, 6)
Batting: LHB Herschel Powell 0-0: Ball
1-0: Called Strike
1-1: Ball
2-1: Called Strike
2-2: Strikes out swinging
Batting: RHB Rhys Hoskins 0-0: Called Strike
0-1: Ball
1-1: Ball
2-1: Ball
3-1: Base on Balls
Batting: RHB Paul Goldschmidt 0-0: Ball
1-0: Ball
2-0: Ball
3-0: Called Strike
3-1: Base on Balls
Rhys Hoskins to second
Batting: LHB Didi Gregorius 0-0: SINGLE (Groundball, 4D)
Rhys Hoskins to third
Paul Goldschmidt to second
Runner from 3rd tries for Home, SAFE, throw by RF to home
Batting: RHB Guillermo Heredia 0-0: Ball
1-0: Called Strike
1-1: Fly out, F8 (Flyball, 8RM)
Top of the 8th over - 1 run, 1 hit, 0 errors, 2 left on base; Oakland 5 - Texas 8
BOTTOM OF THE 8TH
Texas Rangers batting - Pitching for Oakland Athletics : RHP Chasen Bradford
Pitching: RHP Craig Kimbrel
Batting: SHB Jeimer Candelario 0-0: Ball
1-0: Ball
2-0: Foul Ball, location: 2F
2-1: Ball
3-1: Base on Balls
Batting: LHB Joc Pederson 0-0: Ball
1-0: Ball
2-0: Ball
3-0: Base on Balls
Jeimer Candelario to second
Batting: RHB Andrelton Simmons 0-0: Swinging Strike
0-1: Swinging Strike
0-2: Ball
1-2: Strikes out swinging
Batting: RHB Max Stassi 0-0: Swinging Strike
0-1: Called Strike
0-2: Ball
1-2: Strikes out looking
Batting: SHB Asdrubal Cabrera 0-0: Called Strike
0-1: Fielders Choice at 2nd, 5-4 (Groundball, 56)
Bottom of the 8th over - 0 runs, 0 hits, 0 errors, 2 left on base; Oakland 5 - Texas 8
TOP OF THE 9TH
Oakland Athletics batting - Pitching for Texas Rangers : RHP Will Harris
Pitching: RHP Anthony Swarzak
Batting: RHB Cam Gallagher 0-0: Foul Ball, location: 2F
0-1: Swinging Strike
0-2: Ball
1-2: Strikes out swinging
Batting: SHB Marwin Gonzalez 0-0: Called Strike
0-1: Ball
1-1: Ball
2-1: Swinging Strike
2-2: Ball
3-2: Foul Ball, location: 2F
3-2: Ground out 6-3 (Groundball, 4M)
Batting: SHB Kaleb Cowart 0-0: Called Strike
0-1: Ball
1-1: Foul Ball, location: 2F
1-2: SINGLE (Groundball, 4MD)
Batting: RHB DJ LeMahieu 0-0: Ball
1-0: Fielders Choice at 2nd, 6-4 (Groundball, 6)
Top of the 9th over - 0 runs, 1 hit, 0 errors, 1 left on base; Oakland 5 - Texas 8
Thursday, August 9th, 2018 - OOTP Baseball 19.7 Build 59